 Seeded DCSS version 0.30.1-9-gdf580d7c3d (webtiles) character file.

Game seed: 3287810464016871351 (custom seed)

65 Psyclone the Magician (level 3, -4/19 HPs)
             Began as a Deep Elf Venom Mage on Sept 27, 2023.
             Slain by a gnoll
             ... wielding a +0 flail
              (12 damage)
             ... on level 2 of the Dungeon.
             The game lasted 00:05:18 (2194 turns).

Psyclone the Magician (Deep Elf Venom Mage)         Turns: 2194, Time: 00:05:19

Health: -4/19      AC:  2    Str:  5    XL:     3   Next: 92%
Magic:  3/10       EV: 12    Int: 21    God:
Gold:   110        SH:  0    Dex: 15    Spells: 1/10 levels left

rFire   . . .        g - staff of cold
rCold   + . .        (no shield)
rNeg    . . .        a - +0 robe
rPois   .            (no helmet)
rElec   .            (no cloak)
rCorr   .            (no gloves)
SInv    .            (no boots)
Will    .....        i - amulet of regeneration
Stlth   ++           (no ring)
HPRegen 1.03/turn    (no ring)
MPRegen 0.12/turn

%: no passive effects
@: no status effects
A: no striking features
a: no special abilities


You were on level 2 of the Dungeon.
You visited 1 branch of the dungeon, and saw 3 of its levels.

You collected 110 gold pieces.

Inventory:

Armour
 a - a +0 robe (worn)
 o - a +0 pair of boots
Magical Staves
 g - a staff of cold (weapon)
Jewellery
 i - an amulet of regeneration (around neck)
Scrolls
 d - 2 scrolls of enchant armour {unknown}
 e - a scroll of teleportation {unknown}
 h - 4 scrolls of identify {unknown}
 k - a scroll of enchant weapon {unknown}
 l - 2 scrolls of silence {unknown}
 m - a scroll of magic mapping {unknown}
 n - a scroll of noise {unknown}
Potions
 b - a potion of magic
 c - 2 potions of might {unknown}
 f - a potion of berserk rage {unknown}
 j - a potion of lignification {unknown}
 p - 2 potions of flight {unknown}


   Skills:
 - Level 2.4 Dodging
 - Level 2.4 Stealth
 - Level 4.0 Spellcasting
 + Level 2.4 Transmutations
 * Level 1.1 Fire Magic
 - Level 4.0 Poison Magic


You had one spell level left.
You knew the following spells:

 Your Spells              Type           Power      Damage    Failure   Level
a - Poisonous Vapours     Pois/Air       24%        N/A       8%          2
d - Mephitic Cloud        Conj/Pois/Air  9%         N/A       22%         3
s - Ignite Poison         Fire/Tmut/Pois 14%        N/A       13%         3
v - Sting                 Tmut/Pois      68%        1d6       3%          1

Your spell library contained the following spells:

 Spells                   Type           Power      Damage    Failure   Level
 Cigotuvi's Dreadful Rot  Necr/Pois/Air  18%        N/A       11%         2
 Blink                    Tloc           8%         N/A       19%         2
 Lesser Beckoning         Tloc           8%         N/A       19%         2
 Momentum Strike          Conj/Tloc      8%         3d8       19%         2
 Olgreb's Toxic Radiance  Pois           21%        N/A       22%         4
 Volatile Blastmotes      Fire/Tloc      12%        2d11      28%         3
 Dazzling Flash           Conj/Hex       8%         N/A       34%         3
 Iskenderun's Mystic Bla  Conj/Tloc      4%         2d3       75%         4
 Freezing Cloud           Conj/Ice/Air   3%         6-21      97%         5
 Starburst                Conj/Fire      3%         6d3       100%        6


Dungeon Overview and Level Annotations

Branches:
Dungeon (3/15) Zot: 15799

Altars:

Shops:
D:2 [


Message History

Press: ? - help, Dir - move target, f - gnoll
Aim: a gnoll, wielding a +0 flail
Okay, then.
Items here: )) [ ÷ †.
There is a stone staircase leading up, spattered with blood here.
Casting: Poisonous Vapours (safe; 8% risk of failure)
Confirm with . or Enter, or press ? or * to list all spells.
Aiming: Poisonous Vapours (safe; 8% risk of failure)
Press: ? - help, Dir - move target, f - gnoll
Aim: a gnoll, wielding a +0 flail Poisonous vapours surround the gnoll!
The gnoll is poisoned.
You now have 6/10 mp.
Casting: Poisonous Vapours (safe; 8% risk of failure)
Confirm with . or Enter, or press ? or * to list all spells.
Aiming: Poisonous Vapours (safe; 8% risk of failure)
Press: ? - help, Dir - move target, f/p - gnoll
Aim: a gnoll, wielding a +0 flail (lightly wounded, poisoned) Poisonous vapours surround the gnoll!
The gnoll looks even sicker.
A gnoll comes into view. It is wielding a +0 club.
You now have 4/10 mp.
Casting: Poisonous Vapours (safe; 8% risk of failure)
Confirm with . or Enter, or press ? or * to list all spells.
Aiming: Poisonous Vapours (safe; 8% risk of failure)
Press: ? - help, Dir - move target, f/p - gnoll
Aim: a gnoll, wielding a +0 flail (moderately wounded, very poisoned) Poisonous vapours surround the gnoll!
The gnoll looks even sicker.
The goblin barely misses you.
You now have 2/10 mp.
The goblin hits you but does no damage. The gnoll hits you with a +0 flail!
Ouch! That really hurt!
You climb upwards.
There is a stone staircase leading down here.
You take 11 damage, and have 8/19 hp.
MASSIVE DAMAGE!!
The goblin attacks as you move away! The goblin hits you with a +0 club.
There is a stone staircase leading up here.
You take 1 damage, and have 7/19 hp.
The gnoll attacks as you move away! The gnoll barely misses you.
The gnoll attacks as you move away! The gnoll hits you with a +0 flail!
Ouch! That really hurt!
You die...

........##.........# #.....#.#
####....#..##......####.......#
..........###.)....#......P...#
.###.....####......#.)....∩P..#
## #####...######.##.........##
# ########...................#
###...........###.#####.....##
......................#.....#
########.###..##@....####.###
..####...##...##gg.### #..#
####..####..8.#>...# #.##
##..### #..⌠....#..# #.#
..##### #[..8.###..# #.#
.##...###.#...# #..## #.#
..###...#.##### ##..## #.#
##..###..÷# ##..###.###
.###..##..### #<........#


You could see a gnoll (very poisoned) and a goblin.

Vanquished Creatures
  Robin (D:3)
  An adder (D:2)
  A dart slug (D:2)
  An orc (D:3)
  5 bats
  3 endoplasms (D:2)
  2 giant cockroaches
  7 goblins
  5 hobgoblins
  2 quokkas
  6 ball pythons
  A frilled lizard (D:2)
  A kobold (D:1)
  3 rats
39 creatures vanquished.

Notes
Turn   | Place    | Note
-------+----------+-------------------------------------------
     0 | D:1      | Psyclone the Deep Elf Venom Mage began the quest for the
                  | Orb.
     0 | D:1      | Reached XP level 1. HP: 10/10 MP: 6/6
   458 | D:1      | Reached XP level 2. HP: 10/15 MP: 1/8
  1146 | D:2      | Found a faded altar of an unknown god.
  1292 | D:2      | Learned a level 2 spell: Poisonous Vapours
  1304 | D:2      | Reached XP level 3. HP: 16/19 MP: 0/10
  1387 | D:2      | Learned a level 3 spell: Mephitic Cloud
  1549 | D:2      | Found Exuhan's Antique Armour Emporium.
  1835 | D:2      | Learned a level 3 spell: Ignite Poison
  2035 | D:3      | Noticed Robin
  2048 | D:3      | Killed Robin
  2049 | D:3      | Reached skill level 1 in Fire Magic
  2194 | D:2      | Slain by a gnoll

Illustrated notes

Levels and vault maps discovered:
D:1:      minmay_arrival_four_houses, layout_basic
D:2:      layout_rooms, serial_shops, nicolae_shop_overgrown_old_shop,
          basic_ecumenical_altar, grunt_decor_clamped, hangedman_feature_mirror
D:3:      layout_rooms, chequers_serial_rivers_room_a, uniq_robin

Skill      XL: |  1  2  3 |
---------------+----------+-----
Transmutations | 2 |  2.4
Spellcasting   | 4 |  4.0
Fire Magic     | 1 |  1.1
Poison Magic   | 4 |  4.0
Dodging        | |  2.4
Stealth        | |  2.4

Action                     || total
---------------------------++-------
  Melee: Staff             ||    31
   Cast: Sting             ||    41
         Poisonous Vapours ||    30
    Use: Scroll            ||     1
 Armour: Robe              ||    12
  Dodge: Dodged            ||    42
